 Dungeon Sprint DCSS version 0.17-a0-1582-ge6b0260 (webtiles) character file.

54 nuthulu the Fighter (level 7, -7/50 HPs)
             Began as a Gargoyle Fighter on July 27, 2015.
             Was a Priest of Trog.
             Mangled by a spiny frog (12 damage)
             ... in the Dungeon (Sprint VI: "Thunderdome").
             The game lasted 00:02:26 (357 turns).

nuthulu the Fighter (Gargoyle Fighter)               Turns: 357, Time: 00:02:26

Health: -7/50      AC: 13    Str: 14    XL:     7   Next: 1%
Magic:  16/16      EV:  8    Int: 15    God:    Trog [***...]
Gold:   22         SH: 10    Dex: 11    Spells: 0 memorised, 6 levels left

rFire  x . .     SeeInvis .     a - +0 flail
rCold  + . .     Clarity  .     b - +0 scale mail
rNeg   + . .     SustAt   .     c - +0 shield
rPois  ∞         Gourm    .     (no helmet)
rElec  +         Spirit   .     (no cloak)
rCorr  .         Warding  .     (no gloves)
rMut   .         NoTele   +     (no boots)
MR     .....                    q - amulet "Boaprav" {Faith Str-5 Int+6}
Stlth  ..........               (no ring)
                                p - ring of the Evening {Ice *Drain +Fly rElec MP+9}

@: not resistant to hostile enchantments, extremely unstealthy
A: negative energy resistance 1, electricity resistance, unbreathing,
petrification resistance, rot immunity, AC +4
a: Burn Spellbooks, Berserk, Trog's Hand, Renounce Religion, Evoke Flight


You were in the Dungeon.
You worshipped Trog.
Trog was most pleased with you.
You were not hungry.

You visited 1 branch You collected 280 gold pieces.
You spent 258 gold pieces at shops.

Inventory:

Hand weapons
 a - a +0 flail (weapon)
Armour
 b - a +0 scale mail (worn)
 c - a +0 shield (worn)
Jewellery
 p - the ring of the Evening (left hand) {Ice *Drain +Fly rElec MP+9}
   (You bought it in a shop in the Dungeon)

   [ring of ice]

   It enhances your ice magic, and weakens your fire magic.
   It makes you vulnerable to fire.
   It protects you from cold.
   It insulates you from electricity.
   It affects your magic capacity (+9).
   It lets you fly.
   It causes draining when unequipped.
 q - the amulet "Boaprav" (around neck) {Faith Str-5 Int+6}
   (You bought it in a shop in the Dungeon)

   [amulet of faith]

   It allows you to gain divine favour quickly.
   It affects your strength (-5).
   It affects your intelligence (+6).
Magical devices
 l - a wand of cold (5)
 m - a wand of fire (5)
Scrolls
 k - 4 scrolls of blinking
 n - 3 scrolls of fog
Potions
 d - 6 potions of might
 f - a potion of curing
 g - 2 potions of heal wounds
 h - 4 potions of haste
 i - 2 potions of magic
 j - a potion of berserk rage
 o - a potion of resistance
Comestibles
 e - a bread ration


   Skills:
 + Level 8.7 Fighting
 + Level 7.3 Maces & Flails
 + Level 8.6 Armour
 + Level 8.6 Shields


You had 6 spell levels left.
You didn't know any spells.

Dungeon Overview and Level Annotations

Branches:
Dungeon (1/1)

Altars:
Cheibriados
Dithmenos
Fedhas
Gozag
Kikubaaqudgha
Makhleb
Okawaru
Qazlal
Ru
Sif Muna
Trog
Vehumet
Xom
Yredelemnul
Zin
The Shining One
Jiyva
Lugonu

Shops:
D *[%??*?*:[((!!!!


Innate Abilities, Weirdness & Mutations

You are resistant to torment.
Your stone body is resilient (AC +4).
You are immune to poison.
You resist negative energy.
You are resistant to electric shocks.
You can survive without breathing.
You are immune to petrification.
You are immune to rotting.


Message History

A swamp drake comes into view.
You closely miss the giant frog.
The giant frog is moderately wounded.
The swamp drake roars!
You block the giant frog's attack. The giant leech bites you!
* * * LOW HITPOINT WARNING * * *
Unknown command.
Unknown command.
You hit the giant frog.
The giant frog is heavily wounded.
The giant frog hits you but does no damage.
The spiny frog completely misses you. The giant leech barely misses you.
The giant frog hits you but does no damage.
Unknown command.
Unknown command.
Unknown command.
You hit the giant leech.
The giant leech is lightly wounded.
The spiny frog stings you!
You die...

#_......._#
###.........###
#⌠.........[.⌠#
######.8.k.......8.##
##∩__.......###......_
###∩........8.# #.8.....
##........F....###.......
#⌠.....FFw..###...###....
#⌠......@...# #.<.# #....
#⌠..........###...###....
##.............###.......
###∩........8.# #.8.....
##∩___......###......_
######.8.........8.##
#⌠...........⌠#
###.........###
#_......._#


You could see a giant leech, a spiny frog, a swamp drake and 2 giant frogs.

Vanquished Creatures
  Grinder (D)
  Eustachio (D)
  A crimson imp (D)
  An iron imp (D)
  A shadow imp (D)
  An ufetubus (D)
  5 oozes (D)
11 creatures vanquished.

Notes
Turn   | Place    | Note
--------------------------------------------------------------
     0 | D        | nuthulu the Gargoyle Fighter began the quest for the Orb.
     0 | D        | Reached XP level 1. HP: 14/14 MP: 1/1
     1 | D        | Found a snail-covered altar of Cheibriados.
     1 | D        | Found a stormy altar of Qazlal.
     2 | D        | Found a basalt altar of Yredelemnul.
     3 | D        | Found a radiant altar of Vehumet.
     4 | D        | Found Zuitin's Do-It-Yourself Clinic.
     4 | D        | Found a sacrificial altar of Ru.
     4 | D        | Found Ihunec's Distillery.
     5 | D        | Found Dagikyj's Bottled Wisdom.
     5 | D        | Found Uhojag's Distillery.
     5 | D        | Round 1.
     9 | D        | Found a shadowy altar of Dithmenos.
    13 | D        | Bought 6 potions of might for 168 gold pieces
    15 | D        | Reached skill level 4 in Fighting
    17 | D        | Reached XP level 2. HP: 13/20 MP: 2/2
    23 | D        | Found a glowing golden altar of the Shining One.
    23 | D        | Found a burning altar of Makhleb.
    25 | D        | Found Zuimn's Staff Store.
    26 | D        | Found a corrupted altar of Lugonu.
    26 | D        | Found a glowing silver altar of Zin.
    26 | D        | Found Unups's Magic Scroll Shop.
    26 | D        | Found Quskeohi's Must-Have Magic.
    26 | D        | Found Vat Geg's Magic Scroll Shop.
    33 | D        | Found an ancient bone altar of Kikubaaqudgha.
    34 | D        | Found a shimmering altar of Xom.
    35 | D        | Found Caiqesch's Bee Food.
    36 | D        | Found Usoewe's Jewellery.
    36 | D        | Found Qiulido's Advanced Armour.
    36 | D        | Found a bloodstained altar of Trog.
    36 | D        | Found a viscous altar of Jiyva.
    36 | D        | Found a blossoming altar of Fedhas.
    36 | D        | Found Hinkog's Identification Station.
    40 | D        | Found a deep blue altar of Sif Muna.
    41 | D        | Found an iron altar of Okawaru.
    44 | D        | Became a worshipper of Trog the Wrathful
    47 | D        | Found an opulent altar of Gozag.
    47 | D        | Found Kinesovu's Premium Goods.
    49 | D        | Found Rocvenue's Weapon Rack.
    50 | D        | Found Evyoxt's Miscellaneous Merchandise.
    50 | D        | Found Vakhunas's Basic Armour.
   100 | D        | Acquired Trog's first power
   111 | D        | Arena points: 12 (+12) [x2]
   111 | D        | Reached XP level 3. HP: 21/24 MP: 3/3
   130 | D        | Bought a coiled glass ring for 45 gold pieces
   130 | D        | Identified the ring of the Evening {Ice *Drain +Fly rElec MP+9} (You bought it in a shop in the Dungeon)
   150 | D        | Round 2.
   175 | D        | Reached skill level 5 in Fighting
   175 | D        | Reached skill level 5 in Armour
   175 | D        | Reached skill level 5 in Shields
   207 | D        | Noticed Grinder
   208 | D        | Paralysed by Grinder for 3 turns
   215 | D        | Paralysed by Grinder for 6 turns
   230 | D        | Paralysed by Grinder for 2 turns
   236 | D        | Paralysed by Grinder for 5 turns
   244 | D        | Acquired Trog's second power
   244 | D        | Reached XP level 4. HP: 28/32 MP: 4/4
   262 | D        | Killed Grinder
   262 | D        | Reached skill level 7 in Fighting
   262 | D        | Reached XP level 5. HP: 23/39 MP: 5/5
   262 | D        | Reached XP level 6. HP: 25/44 MP: 6/6
   262 | D        | Noticed Eustachio
   275 | D        | Killed Eustachio
   275 | D        | Reached skill level 8 in Fighting
   278 | D        | Arena points: 54 (+42) [x3]
   278 | D        | Reached XP level 7. HP: 25/50 MP: 7/7
   297 | D        | Bought a translucent ivory amulet for 45 gold pieces
   297 | D        | Identified the amulet "Boaprav" {Faith Str-5 Int+6} (You bought it in a shop in the Dungeon)
   342 | D        | Round 3.
   344 | D        | Noticed a giant leech
   351 | D        | Noticed a spiny frog
   357 | D        | Mangled by a spiny frog

Vault maps used:
D:        arena_sprint

Action                   |  1- 3 |  4- 6 |  7- 9 || total
-------------------------+-------+-------+-------++-------
Melee: Flail             |    37 |    16 |     9 ||    62
  Use: Potion            |     2 |     1 |       ||     3
